 Dungeon Crawl Stone Soup version 0.29-a0-819-g94b489e0ae (webtiles) character file.

Game seed: 13233424806429194473

270 Ayihk420 the Grave Robber (level 6, -3/41 HPs)
             Began as a Mummy Necromancer on July 6, 2022.
             Was a Believer of Nemelex Xobeh.
             Slain by an orc
             ... wielding a +0 mace
              (4 damage)
             ... on level 3 of the Dungeon.
             The game lasted 00:12:49 (3029 turns).

Ayihk420 the Grave Robber (Mummy Necromancer)       Turns: 3029, Time: 00:12:50

Health: -3/41      AC:  3    Str: 12    XL:     6   Next: 1%
Magic:  0/13       EV: 12    Int: 16    God:    Nemelex Xobeh [**....]
Gold:   154        SH:  0    Dex: 12    Spells: 7/15 levels left

rFire   x . .      SeeInvis .   b - +0 rapier
rCold   + . .      Faith    .   (no shield)
rNeg    + + +      Spirit   .   a - +0 robe
rPois   ∞          Reflect  .   (no helmet)
rElec   .          Harm     .   (no cloak)
rCorr   .          Rampage  .   c - +0 pair of gloves
Will    .....                   (no boots)
Stlth   ++........              (no amulet)
HPRegen 0.13/turn               (no ring)
MPRegen 0.13/turn               (no ring)

@: no status effects
A: cold resistance 1, negative energy resistance 3, torment resistance 2, heat
vulnerability 1, in touch with death 1, no potions
a: Renounce Religion, Draw Escape, Draw Destruction, Draw Summoning


You were on level 3 of the Dungeon.
You worshipped Nemelex Xobeh.
Nemelex Xobeh was pleased with you.
You visited 1 branch of the dungeon, and saw 3 of its levels.

You collected 154 gold pieces.

Inventory:

Hand Weapons
 b - a +0 rapier (weapon)
Armour
 a - a +0 robe (worn)
 c - a +0 pair of gloves (worn)
 f - a +0 barding
Scrolls
 d - a scroll of vulnerability {unknown}
 e - 2 scrolls of identify {unknown}


   Skills:
 - Level 3.0 Dodging
 - Level 1.6 Stealth
 * Level 5.0 Spellcasting
 * Level 5.3 Necromancy


You had 7 spell levels left.
You knew the following spells:

 Your Spells              Type           Power      Damage    Failure   Level
a - Necrotise             Necr           100%       1d9       1%          1
b - Vampiric Draining     Necr           31%        2d8       4%          3
c - Animate Dead          Necr           31%        N/A       17%         4

Your spell library contained the following spells:

 Spells                   Type           Power      Damage    Failure   Level
 Foxfire                  Conj/Fire      16%        2x1d4     16%         1
 Conjure Flame            Conj/Fire      4%         6-21      41%         3
 Gell's Gravitas          Tloc           4%         N/A       41%         3
 Inner Flame              Hex/Fire       4%         N/A       41%         3
 Teleport Other           Tloc           4%         N/A       41%         3
 Agony                    Necr           31%        N/A       43%         5
 Flame Wave               Conj/Fire      4%         2d5       83%         4
 Dispersal                Tloc           2%         N/A       100%        6


Dungeon Overview and Level Annotations

Branches:
Dungeon (3/15)

Altars:
Nemelex Xobeh


Innate Abilities, Weirdness & Mutations

You are immune to poison.
Your flesh is cold resistant. (rC+)
You are immune to negative energy. (rN+++)
You are immune to unholy pain and torment.
You are vulnerable to heat. (rF-)
You are in touch with the powers of death.
You do not drink.


Message History

There are monsters nearby!
The orc priest hits your orc skeleton with a +0 whip.
Your goblin skeleton barely misses the hobgoblin.
The orc priest hits your orc skeleton with a +0 whip.
Your orc skeleton is destroyed!
Your goblin skeleton hits the hobgoblin.
You feel a surge of power!
The orc writhes in agony.
Your goblin skeleton barely misses the hobgoblin.
You feel a surge of power!
The orc writhes in agony.
You kill the orc!
The dead are walking!
Your goblin skeleton hits the orc but does no damage.
The orc priest attacks as you move away!
The orc priest barely misses you. The hobgoblin attacks as you move away!
The hobgoblin hits you but does no damage.
You feel a surge of power!
The hobgoblin writhes in agony.
You kill the hobgoblin!
The dead are walking!
The orc priest hits you with a +0 whip.
You swap places.
The orc priest hits your hobgoblin skeleton with a +0 whip.
You can't see any susceptible monsters within range! (Use Z to cast anyway.)
The orc priest hits your hobgoblin skeleton with a +0 whip.
Something hits your hobgoblin skeleton.
Your hobgoblin skeleton is destroyed!
You feel a surge of power!
The orc priest writhes in agony.
You feel a surge of power!
The orc priest writhes in agony!
The orc priest hits you with a +0 whip.
The orc hits something with a +0 mace.
You feel a surge of power!
The orc priest writhes in agony.
You feel a surge of power!
The orc priest writhes in agony.
The orc priest calls down the wrath of Beogh upon you.
Beogh smites you! The orc closely misses you.
Your goblin skeleton hits the orc.
You are out of magic!
The orc attacks as you move away! The orc hits you with a +0 mace!
The orc priest invokes the aid of Beogh against you.
Beogh smites you!
* * * LOW HITPOINT WARNING * * *
The orc attacks as you move away! The orc hits you with a +0 mace.
You die...
Your body disappears without a glow.

#...........#
#.#............
#......<......#
#.#.........#..
#.#.........#.. #.#
#.#............ #.#
#.#............ #.#
####.#>....)...... #.#
##@...#............
#.###o.###.........###.
##..o.......##...##.....
####...Z########...###.....
#.......# #####..####....#
#####Z### #......#.......#
#..# ...####.#.##....#
##).##.#####....##....#
)Z....#......####....#


You could see an orc priest (ally target), an orc, a friendly goblin skeleton
and a friendly orc skeleton.

Vanquished Creatures
  An ice beast (D:3)
  3 orc priests (D:3)
  3 adders (D:2)
  A worm (D:3)
  2 dart slugs
  5 orcs
  4 ball pythons
  5 endoplasms
  2 giant cockroaches
  4 goblins
  4 hobgoblins
  2 jackals (D:2)
  A quokka (D:2)
  5 bats
  3 frilled lizards
  4 kobolds
  4 rats
53 creatures vanquished.

Notes
Turn   | Place    | Note
-------+----------+-------------------------------------------
     0 | D:1      | Ayihk420 the Mummy Necromancer began the quest for the Orb.
     0 | D:1      | Reached XP level 1. HP: 13/13 MP: 4/4
   459 | D:1      | Reached XP level 2. HP: 19/19 MP: 1/6
   588 | D:1      | Found a faded altar of an unknown god.
   590 | D:1      | Prayed at the altar of an unknown god.
   590 | D:1      | Became a worshipper of Nemelex Xobeh the Trickster
   590 | D:1      | Reached * piety under Nemelex Xobeh
  1069 | D:2      | Gained mutation: You are in touch with the powers of death.
                  | [Mummy growth]
  1069 | D:2      | Reached XP level 3. HP: 7/24 MP: 2/7
  1276 | D:2      | Learned a level 3 spell: Vampiric Draining
  1440 | D:2      | Received a gift from Nemelex Xobeh
  1518 | D:2      | Identified the +0 helmet of Resourcefulness {Int-2 Dex+3}
  1916 | D:2      | Reached XP level 4. HP: 28/30 MP: 6/9
  2103 | D:2      | Learned a level 4 spell: Animate Dead
  2542 | D:3      | Noticed an ice beast
  2550 | D:3      | Killed an ice beast
  2551 | D:3      | Reached skill level 5 in Necromancy
  2551 | D:3      | Reached XP level 5. HP: 21/35 MP: 3/12
  2744 | D:3      | Reached ** piety under Nemelex Xobeh
  2914 | D:3      | Reached skill level 5 in Spellcasting
  3013 | D:3      | Reached XP level 6. HP: 41/41 MP: 5/13
  3026 | D:3      | HP: 1/41 [orc priest/divine providence (14)]
  3029 | D:3      | Slain by an orc

Illustrated notes

Levels and vault maps discovered:
D:1:      onia_arrival_pentagram, layout_basic, chequers_ecumenical_altar_twisty
D:2:      layout_basic
D:3:      layout_rooms

Skill      XL: |  1  2  3  4  5 |
---------------+----------------+-----
Spellcasting   | 3 4 5 |  5.0
Dodging        | 2 3 |  3.0
Necromancy     | 5 |  5.3
Stealth        | |  1.6

Action                   |  1- 3 |  4- 6 || total
-------------------------+-------+-------++-------
Melee: Unarmed           |     7 |       ||     7
       Rapier            |    10 |       ||    10
 Cast: Necrotise         |    67 |    47 ||   114
       Animate Dead      |       |     1 ||     1
  Use: Scroll            |     1 |       ||     1
Armor: Robe              |    16 |     4 ||    20
Dodge: Dodged            |    37 |     7 ||    44

Table legend: (Time is in decaauts)
 A = Elapsed time spent in this place.
 B = Non-inter-level travel time spent in this place.
 C = Inter-level travel time spent in this place.
 D = Time resting spent in this place.
 E = Time spent auto-exploring this place.
 F = Levels seen in this place.
 G = Mean time per level.
                   A        B        C        D        E       F      G
               +--------+--------+--------+--------+--------+-----+--------+
         Total |   3036 |   3036 |      0 |   1059 |    959 |   3 | 1012.0 |
       Dungeon |   3036 |   3036 |      0 |   1059 |    959 |   3 | 1012.0 |
               +--------+--------+--------+--------+--------+-----+--------+

Top non-repeatable levels by time:
     D:2: 1404 daAuts
     D:1: 923 daAuts
     D:3: 708 daAuts
